TOP OF THE 1ST |
Mile High Broncos batting - Pitching for Mexico City Cerveceros : RHP Carlos Trujillo
|
Pitching: RHP Carlos Trujillo
|
|
Batting: LHB Don Hull
|
0-0: Ball 1-0: Ball 2-0: Swinging Strike 2-1: Ball 3-1: Swinging Strike 3-2: Base on Balls
|
Batting: SHB Ben Marks
|
0-0: Called Strike 0-1: Swinging Strike 0-2: 2-RUN HOME RUN (Flyball, 7LD), Distance : 336 ft
|
Batting: RHB Rodney González
|
0-0: Called Strike 0-1: Foul Ball, location: 2F 0-2: Strikes out looking
|
Batting: LHB Tony Báez
|
0-0: Called Strike 0-1: Foul Ball, location: 2F 0-2: Strikes out swinging
|
Batting: RHB Edward Williams
|
0-0: Ball 1-0: Fly out, F5 (Line Drive, 5L)
|
Top of the 1st over - 2 runs, 1 hit, 0 errors, 0 left on base; Mile High 2 - Mexico City 0 |
BOTTOM OF THE 1ST |
Mexico City Cerveceros batting - Pitching for Mile High Broncos : LHP Francisco Rodríguez
|
Pitching: LHP Francisco Rodríguez
|
|
Batting: RHB Juan Estrada
|
0-0: Foul Ball, location: 2F 0-1: SINGLE (Flyball, 78S)
|
Batting: LHB Dan Hamilton
|
0-0: Ball 1-0: Ball 2-0: Called Strike 2-1: Foul Ball, location: 2F 2-2: Strikes out swinging
|
Batting: RHB Juan Brieno
|
0-0: Called Strike 0-1: Called Strike 0-2: SINGLE (Groundball, 34S) (infield hit) Juan Estrada to second
|
Batting: LHB Mike Harris
|
0-0: Called Strike Throwing error on steal attempt, E2 Juan Estrada scores Juan Brieno to third 0-1: SINGLE (Flyball, 89S) Juan Brieno scores
|
Batting: RHB Esteban Concepción
|
Pickoff Throw to First - Error! E1 Mike Harris to second 0-0: Ball Mike Harris is caught stealing 3rd base 1-0: Ball 2-0: Swinging Strike 2-1: Foul Ball, location: 2F 2-2: Foul Ball, location: 2F 2-2: SOLO HOME RUN (Flyball, 8LD), Distance : 410 ft
|
Batting: RHB Henning Huisman
|
0-0: Ball 1-0: Ball 2-0: Ball 3-0: Called Strike 3-1: Foul Ball, location: 2F 3-2: Ground out 6-3 (Groundball, 6)
|
Bottom of the 1st over - 3 runs, 4 hits, 2 errors, 0 left on base; Mile High 2 - Mexico City 3 |
TOP OF THE 2ND |
Mile High Broncos batting - Pitching for Mexico City Cerveceros : RHP Carlos Trujillo
|
Batting: RHB Evan Robinson
|
0-0: Called Strike 0-1: SINGLE (Groundball, 6D)
|
Batting: RHB Tim Hanson
|
0-0: Ball 1-0: Ball 2-0: Ball 3-0: Called Strike 3-1: Foul Ball, location: 2F 3-2: Strikes out swinging
|
Batting: SHB Paco Martínez
|
0-0: Called Strike 0-1: Ball 1-1: Called Strike 1-2: Ball 2-2: Foul Ball, location: 2F 2-2: DOUBLE (Flyball, 78D) Evan Robinson to third
|
Batting: RHB Tom Lang
|
0-0: SINGLE (Groundball, 6MD) Evan Robinson scores Paco Martínez to third
|
Batting: LHB Don Hull
|
0-0: Ball 1-0: Swinging Strike 1-1: Ball 2-1: Fly out, F7 (Flyball, 7) Runner from 3rd tags up, SCORES, throw made
|
Batting: SHB Ben Marks
|
0-0: Foul Ball, location: 2F 0-1: Swinging Strike 0-2: Strikes out looking
|
Top of the 2nd over - 2 runs, 3 hits, 0 errors, 1 left on base; Mile High 4 - Mexico City 3 |
BOTTOM OF THE 2ND |
Mexico City Cerveceros batting - Pitching for Mile High Broncos : LHP Francisco Rodríguez
|
Batting: RHB Robinson Pacheco
|
0-0: Called Strike 0-1: Foul Ball, location: 2F 0-2: Strikes out looking
|
Batting: RHB Eliot James
|
0-0: Called Strike 0-1: Ball 1-1: Foul Ball, location: 2F 1-2: SINGLE (Flyball, 3D)
|
Batting: LHB John Bond
|
0-0: Ball 1-0: Ball 2-0: Foul Ball, location: 2F 2-1: SINGLE (Line Drive, 9S) Eliot James to second
|
Batting: RHB Juan Estrada
|
0-0: Ball 1-0: Swinging Strike 1-1: Foul Ball, location: 2F 1-2: Grounds into double play, 5-4-3 (Groundball, 56)
|
Bottom of the 2nd over - 0 runs, 2 hits, 0 errors, 1 left on base; Mile High 4 - Mexico City 3 |
TOP OF THE 3RD |
Mile High Broncos batting - Pitching for Mexico City Cerveceros : RHP Carlos Trujillo
|
Batting: RHB Rodney González
|
0-0: Ball 1-0: Ball 2-0: Called Strike 2-1: Foul Ball, location: 2F 2-2: Strikes out looking
|
Batting: LHB Tony Báez
|
0-0: Called Strike 0-1: Ball 1-1: SINGLE (Line Drive, 78S)
|
Batting: RHB Edward Williams
|
0-0: Ball 1-0: Called Strike 1-1: Ball 2-1: Foul Ball, location: 2F 2-2: Ball 3-2: Foul Ball, location: 2F 3-2: Strikes out looking
|
Batting: RHB Evan Robinson
|
0-0: Called Strike 0-1: Foul Ball, location: 2F 0-2: SINGLE (Groundball, 56D) Tony Báez to second
|
Batting: RHB Tim Hanson
|
0-0: Ball 1-0: Called Strike 1-1: Foul Ball, location: 2F 1-2: Fly out, F9 (Flyball, 9LS)
|
Top of the 3rd over - 0 runs, 2 hits, 0 errors, 2 left on base; Mile High 4 - Mexico City 3 |
BOTTOM OF THE 3RD |
Mexico City Cerveceros batting - Pitching for Mile High Broncos : LHP Francisco Rodríguez
|
Batting: LHB Dan Hamilton
|
0-0: Called Strike 0-1: Ball 1-1: SINGLE (Groundball, 4MD)
|
Batting: RHB Juan Brieno
|
0-0: Foul Ball, location: 2F 0-1: Foul Ball, location: 2F 0-2: Strikes out swinging
|
Batting: LHB Mike Harris
|
0-0: SINGLE (Line Drive, 4D) Dan Hamilton to second
|
Batting: RHB Esteban Concepción
|
0-0: Called Strike 0-1: Ball 1-1: Ground out 3-1 (Groundball, 34S) Dan Hamilton to third Mike Harris to second
|
Batting: RHB Henning Huisman
|
0-0: Ball 1-0: Ball 2-0: Ball 3-0: Foul Ball, location: 2F 3-1: Foul Ball, location: 2F 3-2: Base on Balls
|
Batting: RHB Robinson Pacheco
|
0-0: Called Strike 0-1: Ball 1-1: Foul Ball, location: 2F 1-2: Ground out 6-3 (Groundball, 6M)
|
Bottom of the 3rd over - 0 runs, 2 hits, 0 errors, 3 left on base; Mile High 4 - Mexico City 3 |
TOP OF THE 4TH |
Mile High Broncos batting - Pitching for Mexico City Cerveceros : RHP Carlos Trujillo
|
Batting: SHB Paco Martínez
|
0-0: Ball 1-0: Ground out 6-3 (Groundball, 6)
|
Batting: RHB Tom Lang
|
0-0: Ball 1-0: SINGLE (Groundball, 56D)
|
Batting: LHB Don Hull
|
0-0: Fly out, F8 (Line Drive, 78M)
|
Batting: SHB Ben Marks
|
0-0: Ball 1-0: Ground out 4-3 (Groundball, 4)
|
Top of the 4th over - 0 runs, 1 hit, 0 errors, 1 left on base; Mile High 4 - Mexico City 3 |
BOTTOM OF THE 4TH |
Mexico City Cerveceros batting - Pitching for Mile High Broncos : LHP Francisco Rodríguez
|
Batting: RHB Eliot James
|
0-0: Called Strike 0-1: Ball 1-1: Called Strike 1-2: Strikes out swinging
|
Batting: LHB John Bond
|
0-0: Ball 1-0: Foul Ball, location: 2F 1-1: Foul Ball, location: 2F 1-2: Foul Ball, location: 2F 1-2: Ball 2-2: Strikes out swinging
|
Batting: RHB Juan Estrada
|
0-0: Called Strike 0-1: Ball 1-1: Fly out, F8 (Flyball, 8LM)
|
Bottom of the 4th over - 0 runs, 0 hits, 0 errors, 0 left on base; Mile High 4 - Mexico City 3 |
TOP OF THE 5TH |
Mile High Broncos batting - Pitching for Mexico City Cerveceros : RHP Carlos Trujillo
|
Batting: RHB Rodney González
|
0-0: Foul Ball, location: 2F 0-1: Fly out, F9 (Flyball, 89D)
|
Batting: LHB Tony Báez
|
0-0: Ball 1-0: Ball 2-0: Ball 3-0: Called Strike 3-1: Base on Balls
|
Batting: RHB Edward Williams
|
0-0: SINGLE (Line Drive, 7S) Tony Báez to second
|
Batting: RHB Evan Robinson
|
0-0: Ball 1-0: Grounds into double play, 1-6-3 (Groundball, P)
|
Top of the 5th over - 0 runs, 1 hit, 0 errors, 1 left on base; Mile High 4 - Mexico City 3 |
BOTTOM OF THE 5TH |
Mexico City Cerveceros batting - Pitching for Mile High Broncos : LHP Francisco Rodríguez
|
Batting: LHB Dan Hamilton
|
0-0: Called Strike 0-1: Swinging Strike 0-2: Ball 1-2: Ball 2-2: Strikes out swinging
|
Batting: RHB Juan Brieno
|
0-0: Ball 1-0: Foul Ball, location: 2F 1-1: Foul Ball, location: 2F 1-2: Strikes out looking
|
Batting: LHB Mike Harris
|
0-0: Ball 1-0: Called Strike 1-1: Swinging Strike 1-2: Foul Ball, location: 2F 1-2: Ball 2-2: Strikes out swinging
|
Bottom of the 5th over - 0 runs, 0 hits, 0 errors, 0 left on base; Mile High 4 - Mexico City 3 |
TOP OF THE 6TH |
Mile High Broncos batting - Pitching for Mexico City Cerveceros : RHP Carlos Trujillo
|
Batting: RHB Tim Hanson
|
0-0: Ball 1-0: Ground out 6-3 (Groundball, 6S)
|
Batting: SHB Paco Martínez
|
0-0: Ball 1-0: Ball 2-0: Called Strike 2-1: Swinging Strike 2-2: Strikes out looking
|
Batting: RHB Tom Lang
|
0-0: Called Strike 0-1: Called Strike 0-2: Foul Ball, location: 2F 0-2: Ball 1-2: Ground out 5-3 (Groundball, 56)
|
Top of the 6th over - 0 runs, 0 hits, 0 errors, 0 left on base; Mile High 4 - Mexico City 3 |
BOTTOM OF THE 6TH |
Mexico City Cerveceros batting - Pitching for Mile High Broncos : LHP Francisco Rodríguez
|
Batting: RHB Esteban Concepción
|
0-0: Called Strike 0-1: Foul Ball, location: 2F 0-2: Foul Ball, location: 2F 0-2: Ball 1-2: Foul Ball, location: 2F 1-2: Ball 2-2: Ball 3-2: SINGLE (Flyball, 78S)
|
Pitching: RHP José García
|
|
Batting: RHB Henning Huisman
|
0-0: Foul Ball, location: 2F 0-1: Fly out, F9 (Flyball, 9D)
|
Batting: RHB Robinson Pacheco
|
0-0: Grounds into double play, 6-4-3 (Groundball, 6)
|
Bottom of the 6th over - 0 runs, 1 hit, 0 errors, 0 left on base; Mile High 4 - Mexico City 3 |
TOP OF THE 7TH |
Mile High Broncos batting - Pitching for Mexico City Cerveceros : RHP Carlos Trujillo
|
Batting: LHB Don Hull
|
0-0: Ball 1-0: Foul Ball, location: 2F 1-1: Ball 2-1: Foul Ball, location: 2F 2-2: Ball 3-2: Base on Balls
|
Batting: SHB Ben Marks
|
0-0: Sac Bunt - play at first, batter safe! Don Hull to second
|
Pinch Hitting: LHB Mark Everett
|
0-0: Foul Ball, location: 2F 0-1: Called Strike 0-2: Fly out, F7 (Flyball, 7S)
|
Batting: LHB Tony Báez
|
0-0: Ball 1-0: Fly out, F8 (Flyball, 8RS)
|
Batting: RHB Edward Williams
|
0-0: Ball 1-0: Ball 2-0: Ball 3-0: Called Strike 3-1: Base on Balls Don Hull to third Ben Marks to second
|
Batting: RHB Evan Robinson
|
0-0: Ball 1-0: Ball 2-0: SINGLE (Groundball, 6D) Don Hull scores Ben Marks to third Edward Williams to second Runner from 3rd tries for Home, SAFE, no throw
|
Pitching: RHP George Lockhart
|
|
Batting: RHB Tim Hanson
|
0-0: Ball 1-0: Foul Ball, location: 2F 1-1: Foul Ball, location: 2F 1-2: Foul Ball, location: 2F 1-2: Fly out, F9 (Flyball, 9LD)
|
Top of the 7th over - 2 runs, 2 hits, 0 errors, 2 left on base; Mile High 6 - Mexico City 3 |
BOTTOM OF THE 7TH |
Mexico City Cerveceros batting - Pitching for Mile High Broncos : RHP José García
|
Now at 2B: Keith Shaffer
|
|
Batting: RHB Eliot James
|
0-0: Ball 1-0: Fly out, F9 (Flyball, 9LM)
|
Batting: LHB John Bond
|
0-0: Ball 1-0: Called Strike 1-1: Foul Ball, location: 2F 1-2: Ball 2-2: Foul Ball, location: 2F 2-2: Foul Ball, location: 2F 2-2: Foul Ball, location: 2F 2-2: SINGLE (Groundball, 4MD)
|
Batting: RHB Juan Estrada
|
0-0: Called Strike 0-1: Swinging Strike 0-2: Ball 1-2: Ball 2-2: Foul Ball, location: 2F 2-2: Foul Ball, location: 2F 2-2: Ball 3-2: Strikes out swinging
|
Batting: LHB Dan Hamilton
|
0-0: Ball 1-0: Swinging Strike 1-1: Ball 2-1: Ball 3-1: Foul Ball, location: 2F 3-2: Strikes out swinging
|
Bottom of the 7th over - 0 runs, 1 hit, 0 errors, 1 left on base; Mile High 6 - Mexico City 3 |
TOP OF THE 8TH |
Mile High Broncos batting - Pitching for Mexico City Cerveceros : RHP George Lockhart
|
Batting: SHB Paco Martínez
|
0-0: Ball 1-0: Fly out, F3 (Line Drive, 3S)
|
Batting: RHB Tom Lang
|
0-0: Ball 1-0: Called Strike 1-1: Called Strike 1-2: Strikes out swinging
|
Batting: LHB Don Hull
|
0-0: Called Strike 0-1: Called Strike 0-2: Foul Ball, location: 2F 0-2: Ball 1-2: Foul Ball, location: 2F 1-2: Ball 2-2: Strikes out swinging
|
Top of the 8th over - 0 runs, 0 hits, 0 errors, 0 left on base; Mile High 6 - Mexico City 3 |
BOTTOM OF THE 8TH |
Mexico City Cerveceros batting - Pitching for Mile High Broncos : RHP José García
|
Batting: RHB Juan Brieno
|
0-0: Ball 1-0: Ground out 4-3 (Groundball, 4)
|
Batting: LHB Mike Harris
|
0-0: Ball 1-0: Called Strike 1-1: SINGLE (Line Drive, 7LS)
|
Batting: RHB Esteban Concepción
|
0-0: Called Strike 0-1: SINGLE (Groundball, 13S) (infield hit) Mike Harris to second
|
Batting: RHB Henning Huisman
|
0-0: Ball 1-0: Foul Ball, location: 2F 1-1: Ball 2-1: Swinging Strike 2-2: Ball Wild Pitch! Mike Harris to third Esteban Concepción to second 3-2: Base on Balls
|
Batting: RHB Robinson Pacheco
|
0-0: Foul Ball, location: 2F 0-1: DOUBLE (Line Drive, 9LS) Mike Harris scores Esteban Concepción scores Henning Huisman to third Runner from 3rd tries for Home, SAFE, no throw
|
Pitching: LHP Jorge García
|
|
Batting: RHB Eliot James
|
0-0: Intentional Walk
|
Pinch Hitting: RHB Lee Price
|
0-0: SINGLE (Groundball, 6MD) Robinson Pacheco to third Eliot James to second
|
Batting: RHB Juan Estrada
|
0-0: Foul Ball, location: 2F 0-1: Ball 1-1: Foul Ball, location: 2F 1-2: Ball 2-2: Foul Ball, location: 2F 2-2: Foul Ball, location: 2F 2-2: Ball 3-2: SINGLE (Groundball, 6MD) Robinson Pacheco scores Eliot James to third Lee Price to second
|
Batting: LHB Dan Hamilton
|
0-0: Swinging Strike 0-1: Called Strike 0-2: Ball 1-2: SINGLE (Groundball, 4D) Eliot James scores Lee Price to third Juan Estrada to second Runner from 3rd tries for Home, SAFE, throw made home
|
Batting: RHB Juan Brieno
|
0-0: Called Strike 0-1: Ball 1-1: Swinging Strike 1-2: Ball 2-2: Strikes out swinging
|
Batting: LHB Mike Harris
|
0-0: Called Strike 0-1: Ball 1-1: Foul Ball, location: 2F 1-2: Ball 2-2: Ball 3-2: Ground out U3 (Groundball, 3)
|
Bottom of the 8th over - 6 runs, 6 hits, 0 errors, 2 left on base; Mile High 6 - Mexico City 9 |
TOP OF THE 9TH |
Mile High Broncos batting - Pitching for Mexico City Cerveceros : RHP George Lockhart
|
Pitching: RHP Juan Ríos
|
|
Now at 1B: Tim Adkins
|
|
Batting: SHB Ben Marks
|
0-0: Foul Ball, location: 2F 0-1: Ball 1-1: Ball 2-1: Foul Ball, location: 2F 2-2: Ball 3-2: Strikes out swinging
|
Batting: SHB Keith Shaffer
|
0-0: Swinging Strike 0-1: Ball 1-1: Hit by Pitch
|
Batting: LHB Tony Báez
|
0-0: Fly out, F7 (Flyball, 7S)
|
Batting: RHB Edward Williams
|
0-0: Called Strike 0-1: Ball 1-1: Ball 2-1: Swinging Strike 2-2: Fielders Choice at 2nd, 6-4 (Groundball, 6)
|
Top of the 9th over - 0 runs, 0 hits, 0 errors, 1 left on base; Mile High 6 - Mexico City 9 |
|